 Dungeon Crawl Stone Soup version 0.29-a0-284-gf9362112df (webtiles) character file.

Game seed: 7358922106759705497

2634 timneilson the Blocker (level 9, -2/68 HPs)
             Began as a Formicid Fighter on Mar 27, 2022.
             Was a Believer of Okawaru.
             Slain by Joseph
             ... wielding a +0 quarterstaff
              (16 damage)
             ... on level 7 of the Dungeon.
             The game lasted 00:11:05 (6431 turns).

timneilson the Blocker (Formicid Fighter)           Turns: 6431, Time: 00:11:06

Health: -2/68      AC: 19    Str: 23    XL:     9   Next: 92%
Magic:  0/10       EV:  9    Int: 10    God:    Okawaru [**....]
Gold:   322        SH:  5    Dex: 10    Spells: 8/8 levels left

rFire   . . .      SeeInvis +   a - +0 long sword (flame)
rCold   . . .      Faith    .   c - +0 buckler
rNeg    + . .      Spirit   +   f - +0 chain mail
rPois   .          Reflect  .   (helmet unavailable)
rElec   .          Harm     .   o - +1 cloak
rCorr   .          Rampage  .   r - +1 pair of gloves {infuse}
Will    .....                   (no boots)
Stlth   ..........              d - amulet of Xofutyat {Spirit rN+ Str-2 Int+2 Slay+3}
HPRegen 0.21/turn               h - +4 ring of protection
MPRegen 0.12/turn               e - +4 ring of slaying

@: no status effects
A: permanent stasis, dig shafts and tunnels, antennae 3, four strong arms
a: Dig, Shaft Self, Renounce Religion, Heroism


You were on level 7 of the Dungeon.
You worshipped Okawaru.
Okawaru was pleased with you.
You visited 1 branch of the dungeon, and saw 7 of its levels.
You also visited: Sewer.

You collected 322 gold pieces.

Inventory:

Hand Weapons
 a - a +0 long sword of flaming (weapon)
Armour
 c - a +0 buckler (worn)
 f - a +0 chain mail (worn)
 o - a +1 cloak (worn)
 r - a +1 pair of gloves of infusion (worn)
Jewellery
 d - the amulet of Xofutyat (around neck) {Spirit rN+ Str-2 Int+2 Slay+3}
   (You found it on level 6 of the Dungeon)

   [amulet of guardian spirit]

   It causes incoming damage to be divided between your reserves of health and
   magic.
   Str:       It affects your strength (-2).
   Int:       It affects your intelligence (+2).
   Slay:      It affects your accuracy & damage with ranged weapons and melee
   (+3).
   rN:        It protects you from negative energy.
 e - a +4 ring of slaying (right hand)
 h - a +4 ring of protection (left hand)
 s - a +4 ring of evasion
Wands
 p - a wand of digging (3)
 t - a wand of acid (9)
 x - a wand of paralysis (6)
Scrolls
 q - a scroll of identify
 u - a scroll of fog
 w - a scroll of brand weapon
Potions
 b - a potion of curing
 g - 2 potions of mutation
 i - 3 potions of attraction
 j - 2 potions of brilliance
 k - 4 potions of lignification
 m - a potion of magic
 n - a potion of cancellation


   Skills:
 + Level 5.6 Fighting
 * Level 6.3 Long Blades
 * Level 7.4 Armour
 + Level 3.5 Dodging
 * Level 8.1 Shields
 + Level 2.6 Invocations
 + Level 3.6 Evocations


You had 8 spell levels left.
You didn't know any spells.
Your spell library contained the following spells:

 Spells                   Type           Power      Damage    Failure   Level
 Ignite Poison            Fire/Tmut/Pois 0%         N/A       100%        3
 Mephitic Cloud           Conj/Pois/Air  0%         N/A       100%        3
 Freezing Cloud           Conj/Ice/Air   0%         6-21      100%        5


Dungeon Overview and Level Annotations

Branches:
Dungeon (7/15)             Temple (0/1) D:6           Sewer (visited)

Altars:
Hepliaklqana
Kikubaaqudgha
Okawaru
Wu Jian
The Shining One

Annotations:
D:7 Joseph


Innate Abilities, Weirdness & Mutations

You cannot be hasted, slowed, berserked, paralysed or teleported.
You can dig through walls and to a lower floor.
You have a pair of large antennae on your head. (SInv)
Your four strong arms can wield two-handed weapons with a shield.


Message History

Joseph is lightly wounded.
Joseph hits you with a +0 quarterstaff!!
Joseph hits you with a +0 quarterstaff.
You slash Joseph! You burn Joseph.
Joseph is moderately wounded.
Joseph hits you with a +0 quarterstaff!!
You closely miss Joseph.
Joseph is moderately wounded.
You block Joseph's attack. Joseph barely misses you.
You slash Joseph! You burn Joseph.
Joseph is moderately wounded.
Joseph hits you with a +0 quarterstaff!!
* * * LOW HITPOINT WARNING * * *
Joseph hits you but does no damage.
You feel much better. Joseph hits you with a +0 quarterstaff!
* * * LOW HITPOINT WARNING * * *
You feel much better. Joseph hits you but does no damage.
Joseph hits you with a +0 quarterstaff.
You feel much better. Joseph hits you with a +0 quarterstaff!
You slice Joseph!! You burn Joseph.
Joseph is severely wounded.
Joseph closely misses you. Joseph hits you with a +0 quarterstaff.
You hit Joseph. You burn Joseph.
Joseph is severely wounded.
Joseph misses you.
You slash Joseph! You burn Joseph.
Joseph is almost dead.
Joseph hits you with a +0 quarterstaff. x2
You barely miss Joseph.
Joseph is almost dead.
Joseph hits you but does no damage. Joseph closely misses you.
You slash Joseph! You burn Joseph.
Joseph is almost dead.
Joseph hits you with a +0 quarterstaff.
You hit Joseph but do no damage.
Joseph is almost dead.
Joseph hits you with a +0 quarterstaff!!
* * * LOW HITPOINT WARNING * * *
Joseph hits you with a +0 quarterstaff!
You die...

# ###.#####
........######!
#....zz{.zz..
#@# ####@#
##.##.# #.....#
##.#### ###.###
#.....# #.....#
#.....# #.....#


You could see Joseph (berserk) and 2 wights.

Vanquished Creatures
  Edmund (D:4)
  2 water moccasins
  4 ice beasts
  A sky beast (D:5)
  2 centaurs
  3 ogres
  2 bullfrogs
  A kobold brigand (Sewer)
  2 necrophages
  4 scorpions
  6 wights
  A howler monkey (D:1)
  An orc priest (D:5)
  3 hounds
  A jelly (D:6)
  4 iguanas
  Crazy Yiuf (D:2)
  Terence (D:2)
  13 adders
  4 river rats (Sewer)
  2 ufetubi
  3 worms
  A dart slug (D:1)
  12 orcs
  5 endoplasms
  3 giant cockroaches
  5 goblins
  5 hobgoblins
  4 jackals
  2 quokkas (D:2)
  10 ball pythons
  5 bats
  3 frilled lizards
  7 kobolds
  3 rats (Sewer)
127 creatures vanquished.

Vanquished Creatures (others)
  9 plants (Sewer)
9 creatures vanquished.

Grand Total: 136 creatures vanquished

Notes
Turn   | Place    | Note
-------+----------+-------------------------------------------
     0 | D:1      | timneilson the Formicid Fighter began the quest for the
                  | Orb.
     0 | D:1      | Reached XP level 1. HP: 18/18 MP: 1/1
   305 | D:1      | Found a faded altar of an unknown god.
   364 | D:1      | Reached XP level 2. HP: 16/24 MP: 2/2
   922 | D:2      | Noticed a howler monkey
   939 | D:1      | Killed a howler monkey
   940 | D:1      | Reached skill level 4 in Shields
   940 | D:1      | Reached XP level 3. HP: 16/29 MP: 3/3
   940 | D:1      | Reached XP level 4. HP: 20/35 MP: 4/4
  1083 | D:2      | Noticed Terence
  1094 | D:2      | Killed Terence
  1327 | D:2      | Found a runed translucent door.
  1328 | D:2      | Noticed Crazy Yiuf
  1468 | D:2      | Reached skill level 1 in Dodging
  1468 | D:2      | Reached XP level 5. HP: 38/41 MP: 5/5
  1729 | D:2      | Killed Crazy Yiuf
  1843 | D:2      | Reached XP level 6. HP: 25/48 MP: 6/6
  2194 | D:3      | Found a glowing golden altar of the Shining One.
  2252 | D:3      | Found an ancient bone altar of Kikubaaqudgha.
  2416 | D:3      | Noticed an ogre
  2422 | D:3      | Killed an ogre
  2423 | D:3      | Reached skill level 5 in Shields
  2827 | D:4      | Found a hazy altar of Hepliaklqana.
  2851 | D:4      | Reached XP level 7. HP: 49/54 MP: 5/7
  2912 | D:4      | Found a glowing drain.
  2937 | D:4      | Reached skill level 5 in Armour
  2956 | D:4      | Reached skill level 1 in Evocations
  3003 | Sewer    | Entered a sewer
  4040 | D:4      | Reached skill level 6 in Shields
  4040 | D:4      | Reached XP level 8. HP: 51/61 MP: 8/8
  4111 | D:4      | Noticed Edmund
  4126 | D:4      | Killed Edmund
  4704 | D:5      | Entered Level 5 of the Dungeon
  4975 | D:5      | Reached skill level 5 in Long Blades
  5151 | D:5      | Found an iron altar of Okawaru.
  5158 | D:5      | Became a worshipper of Warmaster Okawaru
  5233 | D:5      | Reached skill level 5 in Fighting
  5233 | D:5      | Reached skill level 7 in Shields
  5233 | D:5      | Reached XP level 9. HP: 40/68 MP: 6/9
  5566 | D:5      | Found an ornate altar of the Wu Jian Council.
  5662 | D:6      | Reached skill level 1 in Invocations
  5699 | D:6      | Found a staircase to the Ecumenical Temple.
  5850 | D:6      | Identified the amulet of Xofutyat {Spirit rN+ Str-2 Int+2
                  | Slay+3}
  5932 | D:6      | Reached * piety under Okawaru
  6185 | D:6      | Reached ** piety under Okawaru
  6186 | D:6      | Reached skill level 8 in Shields
  6415 | D:7      | Noticed Joseph
  6431 | D:7      | Slain by Joseph

Illustrated notes

Levels and vault maps discovered:
D:1:      scummos_arrival_checkerplants, layout_loops_ring,
          hellmonk_ecumenical_altar_run_dry
D:2:      layout_rooms, uniq_terence, uniq_crazy_yiuf_cottage
D:3:      layout_rooms, nicolae_tso_carved_into_rock,
          mainiacjoe_overflow_surrounded_room, minmay_cut_off
D:4:      layout_rooms, mainiacjoe_overflow_concentric_impassable,
          gup_sewer_entry_glass, uniq_edmund
D:5:      layout_basic, okawaru_trees_1, kennysheep_mini
D:6:      layout_basic, minmay_temple_entry_stoned_glass, kennysheep_path_1,
          hangedman_decor_points
D:7:      layout_loops_ring, nrook_pool_corridor, uniq_joseph

Skill      XL: |  1  2  3  4  5  6  7  8  9 |
---------------+----------------------------+-----
Shields        | 4 5 6 7 8 |  8.1
Armour         | 4 5 6 7 |  7.4
Dodging        | 1 2 3 |  3.5
Long Blades    | 3 4 5 6 |  6.3
Fighting       | 4 5 |  5.6
Evocations     | 1 2 3 |  3.6
Invocations    | 2 |  2.6

Action                   |  1- 3 |  4- 6 |  7- 9 || total
-------------------------+-------+-------+-------++-------
Melee: Long sword        |    38 |   139 |   330 ||   507
  Use: Scroll            |     2 |     8 |    10 ||    20
       Potion            |       |     1 |     3 ||     4
Armor: Chain mail        |    21 |    89 |   198 ||   308
       Scale mail        |     6 |       |       ||     6
Dodge: Dodged            |    13 |    71 |   108 ||   192
Block: Buckler           |    12 |    40 |    81 ||   133

Table legend: (Time is in decaauts)
 A = Elapsed time spent in this place.
 B = Non-inter-level travel time spent in this place.
 C = Inter-level travel time spent in this place.
 D = Time resting spent in this place.
 E = Time spent auto-exploring this place.
 F = Levels seen in this place.
 G = Mean time per level.
                   A        B        C        D        E       F      G
               +--------+--------+--------+--------+--------+-----+--------+
         Total |   6685 |   6480 |    205 |    662 |   4209 |   8 |  835.6 |
       Dungeon |   5560 |   5355 |    205 |    493 |   3687 |   7 |  794.3 |
         Sewer |   1124 |   1124 |      0 |    169 |    522 |   1 | 1124.0 |
               +--------+--------+--------+--------+--------+-----+--------+

Top non-repeatable levels by time:
   Sewer: 1124 daAuts
     D:1: 1083 daAuts
     D:4: 1029 daAuts
     D:2: 1007 daAuts
     D:5: 952 daAuts
     D:3: 689 daAuts
     D:6: 688 daAuts
     D:7: 108 daAuts
